Map: Aura mortal EE

Players

HiChiefQuaz - Winner!

  • Race: Protoss Protoss
  • League: Gold
  • Spawn Location: 5:00

MrFercho

  • Race: Zerg Zerg
  • League: Gold
  • Spawn Location: 11:00

VOD

Have the link to the VOD?

Description

Time

  • Played on: Aug. 23, 2020, 8:09 p.m.
  • Length: 12:47
Show
View Real Time Build Order
Export as new Build Order

HiChiefQuaz Protoss - Winner!

Build Orders: Carriers 

Get SALT Encoding   

  12  0:00  Probe  
  13  0:17  Pylon, Probe  
  14  0:26  Assimilator  
  14  0:29  Probe  
  15  0:43  Gateway  
  15  0:47  Probe (Chrono Boost)  
  16  0:56  Probe (Chrono Boost)  
  17  1:01  Probe (Chrono Boost)  
  18  1:05  Pylon  
  18  1:18  Gateway  
  18  1:24  Probe (Chrono Boost)  
  19  1:27  Assimilator  
  20  1:33  Probe (Chrono Boost)  
  20  1:38  Probe (Chrono Boost)  
  20  1:45  Cybernetics Core  
  21  1:49  Zealot  
  23  1:57  Probe  
  24  2:06  Zealot  
  26  2:14  Pylon  
  26  2:23  Stargate  
  26  2:26  Stalker (Chrono Boost)  
  28  2:58  Stalker  
  30  2:59  Zealot  
  32  3:11  Nexus  
  32  3:14  Warp Gate  
  32  3:21  Void Ray  
  36  3:44  Pylon  
  36  3:46  Stargate  
  36  3:59  Void Ray  
  40  4:22  Assimilator  
  40  4:26  Probe (Chrono Boost)  
  40  4:29  Probe (Chrono Boost)  
  42  4:32  Pylon  
  42  4:36  Probe (Chrono Boost)  
  42  4:38  Void Ray, Probe (Chrono Boost)  
  44  4:42  Probe (Chrono Boost)  
  44  4:43  Probe (Chrono Boost)  
  50  4:50  Void Ray  
  54  5:03  Probe (Chrono Boost)  
  55  5:09  Assimilator  
  55  5:13  Probe (Chrono Boost)  
  56  5:17  Void Ray  
  56  5:18  Probe (Chrono Boost)  
  56  5:20  Pylon  
  61  5:31  Probe (Chrono Boost)  
  62  5:40  Probe (Chrono Boost)  
  62  5:41  Probe (Chrono Boost)  
  64  5:48  Probe (Chrono Boost)  
  64  5:49  Probe (Chrono Boost)  
  66  5:53  Probe (Chrono Boost)  
  66  5:56  Fleet Beacon  
  67  5:59  Void Ray  
  71  6:20  Pylon  
  71  6:27  Pylon  
  71  7:11  Carrier  
  71  7:12  Carrier  
  79  7:56  Stargate  
  79  8:04  Gateway x2  
  79  8:05  Pylon  
  79  8:07  Pylon  
  79  8:12  Forge  
  79  8:16  Carrier  
  79  8:17  Probe (Chrono Boost)  
  92  8:20  Carrier  
  101  8:27  Probe (Chrono Boost)  
  101  8:28  Mothership (Chrono Boost)  
  101  8:32  Probe (Chrono Boost)  
  100  9:01  Carrier  
  106  9:05  Pylon  
  106  9:13  Pylon  
  106  9:15  Pylon  
  106  9:23  Carrier  
  112  9:28  Protoss Air Weapons Level 1  
  112  9:47  Nexus  
  112  9:49  Assimilator  
  112  9:54  Assimilator  
  112  9:57  Pylon  
  112  9:59  Pylon, Carrier  
  118  10:31  Carrier  
  118  10:32  Carrier  
  130  10:58  Probe (Chrono Boost)  
  130  11:03  Probe (Chrono Boost)  
  132  11:07  Probe (Chrono Boost)  
  132  11:08  Carrier  
  132  11:09  Probe (Chrono Boost)  
  141  11:12  Probe (Chrono Boost)  
  141  11:14  Probe (Chrono Boost)  
  141  11:16  Probe (Chrono Boost)  
  141  11:18  Probe (Chrono Boost)  
  144  11:19  Probe (Chrono Boost)  
  145  11:37  Carrier  
  145  11:38  Carrier  
Show
View Real Time Build Order
Export as new Build Order

MrFercho Zerg 

Build Orders: Hatch First 

Get SALT Encoding   

  12  0:01  Drone  
  13  0:12  Overlord  
  13  0:16  Drone  
  14  0:32  Drone x2  
  16  0:52  Hatchery, Drone  
  16  0:55  Drone  
  17  0:59  Drone  
  18  1:10  Extractor  
  17  1:17  Spawning Pool  
  16  1:18  Drone  
  16  1:21  Drone  
  18  1:29  Drone  
  19  1:42  Drone  
  20  1:50  Overlord  
  20  2:02  Drone  
  20  2:06  Queen x2  
  25  2:08  Zergling x2  
  25  2:13  Zergling x2  
  27  2:19  Drone  
  28  2:27  Drone x2  
  30  2:34  Overlord  
  30  2:42  Zergling x2  
  31  2:46  Drone  
  31  2:48  Queen  
  31  2:50  Metabolic Boost  
  34  2:53  Lair  
  34  2:57  Overlord  
  34  2:58  Overlord  
  34  3:06  Drone x2  
  36  3:33  Drone x2  
  36  3:34  Drone x6  
  44  4:03  Drone x3, Evolution Chamber  
  44  4:04  Zergling x8, Baneling Nest  
  49  4:23  Extractor  
  49  4:24  Extractor  
  47  4:30  Zerg Melee Weapons Level 1  
  47  4:32  Drone  
  47  4:33  Drone x2  
  47  4:34  Drone x2  
  47  4:35  Overlord  
  52  4:44  Overlord  
  52  5:09  Zergling x8  
  56  5:15  Overlord  
  56  5:18  Drone  
  56  5:19  Drone  
  58  5:25  Queen  
  58  5:27  Pneumatized Carapace  
  60  5:34  Zergling x16  
  68  5:41  Overseer  
  68  5:46  Spore Crawler  
  68  5:48  Spore Crawler  
  66  5:52  Drone x2  
  66  5:53  Centrifical Hooks, Spore Crawler  
  67  6:01  Spine Crawler  
  66  6:07  Spore Crawler  
  65  6:29  Spore Crawler  
  65  6:31  Spore Crawler  
  63  6:41  Hydralisk Den  
  59  6:52  Spore Crawler  
  56  6:54  Spore Crawler  
  55  7:02  Spore Crawler  
  55  7:07  Queen  
  56  7:10  Drone, Hydralisk x7  
  56  7:13  Overlord  
  60  7:28  Grooved Spines  
  50  7:30  Hydralisk x5  
  50  7:35  Queen  
  61  7:45  Overlord x2  
  61  7:50  Drone  
  61  7:51  Drone x2  
  64  7:56  Zergling x2  
  64  7:57  Zergling x2  
  66  8:08  Zerg Missile Weapons Level 1  
  63  8:33  Baneling x5  
  63  8:38  Drone x2  
  63  8:39  Drone x9  
  63  8:40  Muscular Augments  
  60  9:08  Hydralisk  
  61  9:16  Drone x2  
  63  9:19  Drone x3  
  63  9:22  Drone x2  
  68  9:38  Drone x2  
  70  9:43  Overlord  
  70  9:44  Overlord  
  70  9:51  Hatchery  
  69  9:54  Burrow  
  69  10:27  Drone x4  
  69  10:28  Drone  
  74  10:32  Drone x6  
  74  10:33  Drone x3  
  82  10:55  Spire  
  81  10:57  Spire  
  81  11:02  Hydralisk x2  
  84  11:11  Extractor  
  84  11:15  Overseer  
  83  11:25  Extractor x2  
  81  11:27  Overlord  
  81  11:29  Hydralisk x3  
  87  11:45  Hydralisk x3  
  93  11:58  Hydralisk  
  93  11:59  Hydralisk  
  58  12:18  Hydralisk x3  
Tags
 
Composition
Carriers
League
GoldGold
Matchup
PvZ
Replay Pack
MrFercho
Spawn Locations
Cross Positions
Add a new tag
Caveats
  • Supply blocks, unpowered buildings, or Contaminate may cause inaccurate times.
  • Supply counts are checked every 10 seconds.